 Dungeon Crawl Stone Soup version 0.28-a0-384-g9e0c098162 (webtiles) character file.

Game seed: 494052171779344564

2353 omnomnOMINOUS the Magician (level 9, -3/64 HPs)
             Began as an Octopode Wanderer on Sept 2, 2021.
             Was an Elder of Zin.
             Slain by a cyan ugly thing (16 damage)
             ... on level 8 of the Dungeon.
             The game lasted 00:16:31 (6081 turns).

omnomnOMINOUS the Magician (Octopode Wanderer)      Turns: 6081, Time: 00:16:33

Health: -3/64      AC:  1    Str: 12    XL:     9   Next: 43%
Magic:  20/20      EV: 20    Int: 15    God:    Zin [****..]
Gold:   322        SH:  0    Dex: 13    Spells: 22/22 levels left

rFire   . . .      SeeInvis .   a - +2 dagger (elec)
rCold   . . .      Faith    .   (no shield)
rNeg    . . .      Spirit   .   (helmet restricted)
rPois   .          Reflect  .   u - amulet of regeneration
rElec   .          Harm     .   q - +4 ring of evasion
rCorr   .          Rampage  .   r - ring of flight
Will    .....                   (no ring)
Stlth   +++.......              (no ring)
HPRegen 1.20/turn               (no ring)
MPRegen 0.17/turn               (no ring)
                                (no ring)
                                (no ring)

@: flying
A: almost no armour, amphibious, 8 rings, camouflage 1, gelatinous body 1,
(nimble swimmer 1), tentacles
a: Renounce Religion, Recite, Vitalisation, Imprison, Donate Gold


You were on level 8 of the Dungeon.
You worshipped Zin.
Zin was greatly pleased with you.
You visited 2 branches of the dungeon, and saw 9 of its levels.

You collected 357 gold pieces.
You donated 35 gold pieces to Zin.

Inventory:

Hand Weapons
 a - a +2 dagger of electrocution (weapon)
 b - a +1 dagger of venom
 c - a +0 hand crossbow
Missiles
 d - 82 bolts
 e - 7 atropa-tipped darts (quivered)
 B - 2 curare-tipped darts
Jewellery
 q - a +4 ring of evasion (left tentacle)
 r - a ring of flight (right tentacle)
 u - an amulet of regeneration (around mantle)
Wands
 k - a wand of flame (41)
 l - a wand of iceblast (11)
 A - a wand of paralysis (2)
Scrolls
 f - 3 scrolls of fear {unknown}
 i - 2 scrolls of vulnerability {unknown}
 m - 2 scrolls of noise {unknown}
 n - 7 scrolls of identify {unknown}
 o - 2 scrolls of brand weapon {unknown}
 p - 2 scrolls of fog {unknown}
 s - a scroll of enchant armour {unknown}
 v - 2 scrolls of blinking {unknown}
 w - 3 scrolls of teleportation {unknown}
 y - a scroll of holy word {unknown}
 z - a scroll of enchant weapon {unknown}
 C - a scroll of torment {unknown}
Potions
 g - a potion of heal wounds
 h - a potion of ambrosia {unknown}
 j - a potion of degeneration {unknown}
 t - 2 potions of magic {unknown}
 x - a potion of cancellation {unknown}


   Skills:
 + Level 7.0 Fighting
 - Level 1.0 Bows
 - Level 3.0 Crossbows
 + Level 7.0 Dodging
 - Level 2.6 Stealth
 * Level 7.4 Spellcasting


You had 22 spell levels left.
You didn't know any spells.
Your spell library contained the following spells:

 Spells                   Type           Power      Damage    Failure   Level
 Ozocubu's Armour         Ice            5%         N/A       36%         3
 Summon Guardian Golem    Hex/Summ       5%         N/A       36%         3
 Cause Fear               Hex            2%         N/A       77%         4
 Metabolic Englaciation   Hex/Ice        2%         N/A       98%         5
 Simulacrum               Ice/Necr       2%         N/A       100%        6
 Dragon Form              Tmut           2%         N/A       100%        7
 Orb of Destruction       Conj           2%         9d1       100%        7
 Spellforged Servitor     Conj/Summ      2%         N/A       100%        7
 Dragon's Call            Summ           2%         N/A       100%        9


Dungeon Overview and Level Annotations

Branches:
Dungeon (8/15)             Temple (1/1) D:7
   Lair: D:8-11

Altars:
Ashenzari
Cheibriados
Dithmenos
Elyvilon
Fedhas
Gozag
Hepliaklqana
Kikubaaqudgha
Makhleb
Nemelex Xobeh
Qazlal
Ru
Sif Muna
Trog
Uskayaw
Wu Jian
Xom
Yredelemnul
Zin
The Shining One

Shops:
D:7 =

Annotations:
D:3 2 transporters, Spaninq's ghost, amateur GnWz
D:6 3 runed translucent doors, Cancer's ghost, novice GrCj; Jamsdnucbuo's ghost, novice MiHu


Innate Abilities, Weirdness & Mutations

You cannot wear most types of armour.
You are amphibious.
You can wear up to eight rings at the same time.
Your skin changes colour to match your surroundings (Stealth+).
Your rubbery body absorbs attacks. (AC +1, EV +1)
((You are camouflaged near water. (Stealth+)))
You have tentacles for arms and can constrict up to eight enemies at once.


Message History

You reach down and open the door.
A kobold brigand comes into view.
It is wielding a +0 dagger and quivering curare-tipped darts.
Found 26 gold pieces and a wand of flame (25).
There is an open door here.
The helpless kobold brigand fails to defend itself.
You puncture the kobold brigand!
Lightning courses through the kobold brigand!
You kill the kobold brigand!
B - 2 curare-tipped darts (gained 1)
Things that are here:
a +0 dagger; a kobold corpse You pay a tithe of 1 gold.
You now have enough gold to buy a ring of willpower on D:7.
You can access your shopping list by pressing '$'.
You now have 314 gold pieces (gained 16).
You pay a tithe of 1 gold.
You now have 322 gold pieces (gained 8).
k - a wand of flame (41) (gained 25 charges)
Things that are here:
a +0 dagger; a kobold corpse
There is an open door here.
A cyan ugly thing comes into view.
A cyan ugly thing is nearby!
A tengu conjurer comes into view.
The cyan ugly thing barely misses you.
You hit the cyan ugly thing. Your grab misses the cyan ugly thing.
The cyan ugly thing is lightly wounded.
The cyan ugly thing pecks you. The cyan ugly thing shocks you!
You barely miss the cyan ugly thing. Your grab misses the cyan ugly thing.
Your squeeze misses the cyan ugly thing.
The cyan ugly thing is lightly wounded.
The cyan ugly thing pecks you! The cyan ugly thing shocks you!
You completely miss the cyan ugly thing.
You grab the cyan ugly thing.
The cyan ugly thing is lightly wounded.
You constrict the cyan ugly thing, but do no damage.
The cyan ugly thing pecks you!
* * * LOW HITPOINT WARNING * * *
The cyan ugly thing shocks you!
You die...

#....##
#.....# #
## #####.#
.. .. #.#
8#8 #.# ...
#.# #####.
#.# ......
#.# +## # #
#@# ...#.
#.#.#
#u###......
#....
#..........
+....
#####......
#.... ...#Q
#.#.# +##
##### $


You could see a cyan ugly thing.

Vanquished Creatures
  A hornet (D:7)
  Prince Ribbit (D:7)
  Sigmund (D:3)
  Menkaure (D:6)
  A water moccasin (D:7)
  A black bear (D:6)
  An orc warrior (D:6)
  A necrophage (D:4)
  A centaur (D:6)
  2 kobold brigands (D:8)
  2 bullfrogs
  A scorpion (D:4)
  A water moccasin zombie (D:5)
  A water moccasin skeleton (D:6)
  An electric eel (D:7)
  3 howler monkeys
  A bullfrog zombie (D:5)
  2 hounds (D:6)
  3 orc priests
  A gnoll shaman (D:8)
  A jelly (D:5)
  Jessica (D:2)
  3 iguanas
  3 orc wizards
  A hound skeleton (D:5)
  A hound zombie (D:5)
  A mummy (D:4)
  A howler monkey zombie (D:4)
  4 gnolls (D:8)
  6 adders
  2 white imps (D:6)
  2 ufetubi
  3 worms
  2 dart slugs
  17 orcs
  6 goblins
  7 hobgoblins
  7 jackals
  4 quokkas
  7 ball pythons
  3 bats
  5 frilled lizards
  2 hobgoblin zombies (D:4)
  12 kobolds
  3 rats
131 creatures vanquished.

Vanquished Creatures (others)
  5 plants (D:3)
  3 withered plants (D:6)
8 creatures vanquished.

Grand Total: 139 creatures vanquished

Notes
Turn   | Place    | Note
-------+----------+-------------------------------------------
     0 | D:1      | omnomnOMINOUS the Octopode Wanderer began the quest for the
                  | Orb.
     0 | D:1      | omnomnOMINOUS set off with the following items: a +2
                  | dagger, a potion of heal wounds, a +0 hand crossbow, 28
                  | bolts, a potion of lignification
     0 | D:1      | Reached XP level 1. HP: 17/17 MP: 1/1
    97 | D:1      | Reached skill level 1 in Dodging
   111 | D:1      | Reached XP level 2. HP: 20/22 MP: 2/2
   467 | D:1      | Found a faded altar of an unknown god.
   483 | D:1      | Became a worshipper of Zin the Law-Giver
   483 | D:1      | Reached * piety under Zin
   559 | D:1      | Reached XP level 3. HP: 22/27 MP: 3/3
  1232 | D:2      | Noticed Jessica
  1239 | D:2      | Killed Jessica
  1240 | D:2      | Reached XP level 4. HP: 30/33 MP: 4/4
  1684 | D:3      | Noticed Sigmund
  1694 | D:3      | Killed Sigmund
  1695 | D:3      | Reached XP level 5. HP: 28/38 MP: 4/8
  1695 | D:3      | Reached XP level 6. HP: 32/44 MP: 4/9
  2066 | D:3      | Found a transporter.
  2066 | D:3      | Found a transporter.
  2075 | D:3      | Noticed Spaninq's ghost (amateur GnWz)
  2297 | D:4      | Found a snail-covered altar of Cheibriados.
  2407 | D:4      | You are sucked into a shaft and drop 1 floor!
  2407 | D:5      | Entered Level 5 of the Dungeon
  2422 | D:5      | Reached ** piety under Zin
  2816 | D:4      | You are sucked into a shaft and drop 1 floor!
  2964 | D:4      | Reached XP level 7. HP: 49/49 MP: 12/12
  3098 | D:4      | Reached skill level 5 in Fighting
  3098 | D:4      | Reached skill level 5 in Dodging
  3133 | D:4      | Identified the +0 pair of gloves of Fortification {Harm
                  | *Slow Dex-4 Slay+6}
  3253 | D:4      | Identified the +1 robe of Shielding {rPois}
  4156 | D:6      | Reached XP level 8. HP: 55/56 MP: 13/15
  4275 | D:6      | Reached skill level 5 in Spellcasting
  4383 | D:6      | Identified the +1 pair of boots of Luong {Will- Int+4 Dex+4
                  | SInv}
  4565 | D:6      | Found a runed translucent gate.
  4565 | D:6      | Found a runed translucent gate.
  4565 | D:6      | Found a runed translucent gate.
  4573 | D:6      | Reached *** piety under Zin
  4576 | D:6      | Noticed Cancer's ghost (novice GrCj)
  4576 | D:6      | Noticed Jamsdnucbuo's ghost (novice MiHu)
  4605 | D:6      | Noticed Menkaure
  4622 | D:6      | Killed Menkaure
  4924 | D:7      | Found a staircase to the Ecumenical Temple.
  4936 | Temple   | Entered the Ecumenical Temple
  5253 | D:7      | Found Tepuwiv's Jewellery Emporium.
  5287 | D:7      | Noticed a hornet
  5296 | D:7      | Killed a hornet
  5297 | D:7      | Reached XP level 9. HP: 24/63 MP: 18/18
  5682 | D:7      | Noticed Prince Ribbit
  5698 | D:7      | Killed Prince Ribbit
  5854 | D:8      | Reached **** piety under Zin
  5905 | D:8      | Found a glowing silver altar of Zin.
  6072 | D:8      | Noticed a cyan ugly thing
  6074 | D:8      | Noticed a tengu conjurer
  6081 | D:8      | Slain by a cyan ugly thing

Illustrated notes

Levels and vault maps discovered:
D:1:      kennysheep_arrival_seaside, layout_rooms, serial_rivers,
          chequers_serial_rivers_small_3, chequers_serial_rivers_micro_b,
          chequers_serial_rivers_micro_d, chequers_serial_rivers_micro_d,
          shapermc_ecumenical_altar_ellora, chequers_serial_rivers_marsh
D:2:      layout_basic, uniq_jessica
D:3:      layout_rooms, gammafunk_ghost_gnarly_gnolls, uniq_sigmund
D:4:      minmay_general_purpose_star, layout_cave_pools, cheibriados_altar_1,
          nicolae_ossuary_entry_giza, chequers_avenue, st_stairs_8,
          grunt_ministairs_11, hangedman_decor_points
D:5:      layout_loops_cross
D:6:      layout_basic, gammafunk_ghost_cemetery, uniq_menkaure
D:7:      layout_loops_ring, minmay_temple_entry_glass, serial_shops,
          nicolae_shop_competitors_out_of_business, fountainhead,
          uniq_prince_ribbit1
D:8:      wad_arrow_thing, layout_basic, old_standard_altar,
          kennysheep_small_square
Temple:   regret_index_temple_mists

Skill      XL: |  1  2  3  4  5  6  7  8  9 |
---------------+----------------------------+-----
Dodging        | 1 2 3 4 5 6 7 |  7.0
Spellcasting   | 2 3 4 6 7 |  7.4
Fighting       | 5 6 7 |  7.0
Bows           | |  1.0
Crossbows      | |  3.0
Stealth        | |  2.6

Action                   |  1- 3 |  4- 6 |  7- 9 || total
-------------------------+-------+-------+-------++-------
Melee: Dagger            |    51 |    81 |   199 ||   331
       Constrict         |    11 |    20 |    44 ||    75
       Tentacles         |     9 |    15 |    38 ||    62
Throw: Dart              |       |       |     4 ||     4
Invok: Recite            |       |       |     1 ||     1
  Use: Potion            |       |     1 |     3 ||     4
 Stab: Sleeping          |     3 |     9 |    13 ||    25
Armor: Skin              |     2 |     4 |     6 ||    12
Dodge: Dodged            |    22 |    64 |   131 ||   217

Table legend: (Time is in decaauts)
 A = Elapsed time spent in this place.
 B = Non-inter-level travel time spent in this place.
 C = Inter-level travel time spent in this place.
 D = Time resting spent in this place.
 E = Time spent auto-exploring this place.
 F = Levels seen in this place.
 G = Mean time per level.
                   A        B        C        D        E       F      G
               +--------+--------+--------+--------+--------+-----+--------+
         Total |   6086 |   5874 |    212 |    390 |   4315 |   9 |  676.2 |
       Dungeon |   5966 |   5771 |    195 |    390 |   4229 |   8 |  745.8 |
        Temple |    119 |    102 |     17 |      0 |     86 |   1 |  119.0 |
               +--------+--------+--------+--------+--------+-----+--------+

Top non-repeatable levels by time:
     D:5: 1047 daAuts
     D:1: 927 daAuts
     D:7: 843 daAuts
     D:4: 773 daAuts
     D:2: 757 daAuts
     D:6: 674 daAuts
     D:3: 607 daAuts
     D:8: 335 daAuts
  Temple: 119 daAuts
